AoeStats
← moredc89

Arabia

507062572Analyzed
1v1 RM · 16d ago on Sep 16, 2026· 38m 59s· 2 players
Game mode
Random Map
Map size
Tiny (2 player)
Population
200
Speed
Normal
Resources
Standard
Victory
Conquest
Starting age
Dark Age
Ending age
Imperial Age
RankedLock teamsTeams togetherTeam positionsShared explorationLock speedFull tech treeHidden civsTurbo modeCheats
Victory
Defeat
🇫🇷 Goths · France
504
+11
🇪🇸 Spanish · Spain
394
-11
moredc89
12:41 Feudal Age
13:09 Double-Bit Axe
13:08 Horse Collar
14:06 Wheelbarrow
19:52 Castle Age
19:37 Man-at-Arms
20:23 Elite Skirmisher
20:54 Pikeman
23:35 Padded Archer Armor
23:26 Fletching
23:38 Scale Mail Armor
23:51 Heavy Plow
24:17 Bow Saw
25:34 Hand Cart
28:45 Leather Archer Armor
28:21 Fletching
36:37 Town Watch
36:53 Gold Mining
37:03 Bodkin Arrow
38:28 Town Patrol
fabeulesh
7:27 Loom
10:31 Feudal Age
11:43 Horse Collar
12:09 Double-Bit Axe
12:36 Gold Mining
14:08 Man-at-Arms
15:19 Stone Mining
17:43 Scale Mail Armor
22:05 Castle Age
20:35 Forging
22:10 Long Swordsman
24:07 Iron Casting
24:17 Heavy Plow
26:35 Bow Saw
29:55 Stone Shaft Mining
35:12 Imperial Age
35:20 Two-Handed Swordsman
36:04 Champion
40:00 Blast Furnace
Connection lost

Rejoining the realm…

Still unreachable

The connection could not be restored.

Session expired

The server has moved on; the page needs a fresh start.